[ AOE2 MATCH · #478591874 ]
Team RMAztecs vs Khmer
[ REPLAY ANALYSIS · EXTRACTED FROM THE RECORDED GAME ]
Feudal
—
Castle
—
Imperial
—
| APM avg | 20.7 |
| APM peak | 73 |
| eAPM avg | 18.3 |
| Villagers / military | 118 / 682 |
Focus
⚔️ 67.3% · 🌾 32.7%
Skirmisher ×386 · Spearman ×147 · Jaguar Warrior ×114 · Mangonel ×18 · Trade Cart ×10 · Trebuchet (Packed) ×10
Feudal
13:28
Castle
17:34
Imperial
36:25
| APM avg | 23.7 |
| APM peak | 74 |
| eAPM avg | 13.3 |
| Villagers / military | 124 / 322 |
Focus
⚔️ 31.7% · 🌾 68.3%
Janissary ×281 · Bombard Cannon ×35 · Trade Cart ×16 · Knight ×3 · Battering Ram ×3
Feudal
11:24
Castle
23:43
Imperial
28:58
| APM avg | 16.7 |
| APM peak | 50 |
| eAPM avg | 13.0 |
| Villagers / military | 129 / 441 |
Focus
⚔️ 36.5% · 🌾 63.5%
Scout Cavalry ×165 · Knight ×164 · Spearman ×56 · Mangonel ×28 · Battering Ram ×22 · Trade Cart ×19
Feudal
12:05
Castle
28:55
Imperial
48:57
| APM avg | 16.4 |
| APM peak | 62 |
| eAPM avg | 10.9 |
| Villagers / military | 89 / 248 |
Focus
⚔️ 52.5% · 🌾 47.5%
Spearman ×146 · Militia ×51 · Battle Elephant ×31 · Trade Cart ×16 · Cavalry Archer ×15 · Archer ×5
Match map
Initial resources + every placement click. Lines = walls · curves = elevation contours. ◆ gold · ⬟ stone · ● berries · ✦ relic · ◌ wall gap
Your base· ✓ Closed at 24:06 · 36t walls · 2 gate(s)
Monsieur Garlíc's base· ✓ Closed at 17:34 · 22t walls · no gate
DeReK!'s base· ✓ Closed at 23:43 · 14t walls · no gate
Lt_Reingebuttert's base· ✓ Closed at 28:55 · 42t walls · no gate
Smoothed initial terrain · ◌ = detected wall gap · hover for details
Inputs per minute
— frizboum - - Monsieur Garlíc
Build order — frizboum
First 150 of 974 actions detected
| 0:02 | Create | Villager (Male) |
| 0:08 | Build | House |
| 0:18 | Research | Loom |
| 0:19 | Create | Villager (Male) |
| 0:19 | Create | Villager (Male) |
| 0:20 | Create | Villager (Male) |
| 1:35 | Build | House |
| 1:39 | Create | Villager (Male) |
| 2:05 | Build | House |
| 2:07 | Build | House |
| 2:19 | Create | Villager (Male) |
| 2:35 | Create | Villager (Male) |
| 3:22 | Build | Palisade Wall |
| 3:25 | Create | Villager (Male) |
| 3:25 | Create | Villager (Male) |
| 3:56 | Build | Palisade Wall |
| 4:02 | Build | Palisade Gate |
| 4:04 | Create | Villager (Male) |
| 4:40 | Create | Villager (Male) |
| 4:40 | Create | Villager (Male) |
| 4:51 | Build | Lumber Camp |
| 5:23 | Create | Villager (Male) |
| 5:23 | Create | Villager (Male) |
| 5:24 | Create | Villager (Male) |
| 6:15 | Build | Mill |
| 6:32 | Create | Villager (Male) |
| 6:32 | Create | Villager (Male) |
| 7:16 | Create | Villager (Male) |
| 7:16 | Create | Villager (Male) |
| 7:17 | Create | Villager (Male) |
| 7:17 | Create | Villager (Male) |
| 7:41 | Create | Villager (Male) |
| 8:01 | Build | Barracks |
| 8:11 | Build | House |
| 8:45 | Build | House |
| 9:06 | Create | Militia |
| 9:06 | Create | Militia |
| 9:06 | Create | Militia |
| 9:07 | Create | Militia |
| 9:07 | Create | Militia |
| 9:22 | Build | House |
| 9:24 | Build | House |
| 9:35 | Build | Lumber Camp |
| 9:43 | Create | Villager (Male) |
| 9:43 | Create | Villager (Male) |
| 9:44 | Create | Villager (Male) |
| 9:45 | Create | Villager (Male) |
| 10:15 | Build | Mining Camp |
| 10:28 | Create | Militia |
| 11:07 | Build | Mining Camp |
| 11:58 | Create | Villager (Male) |
| 11:58 | Create | Villager (Male) |
| 11:58 | Create | Villager (Male) |
| 12:39 | Create | Villager (Male) |
| 13:13 | Create | Villager (Male) |
| 13:16 | Build | Farm |
| 13:47 | Build | Farm |
| 13:54 | Create | Villager (Male) |
| 13:55 | Create | Villager (Male) |
| 14:29 | Create | Villager (Male) |
| 14:32 | Build | Farm |
| 14:48 | Create | Villager (Male) |
| 15:13 | Build | House |
| 15:14 | Build | House |
| 15:15 | Build | House |
| 15:47 | Research | Feudal Age |
| 16:30 | Create | Villager (Male) |
| 17:13 | Create | Villager (Male) |
| 17:13 | Create | Villager (Male) |
| 17:20 | Create | Villager (Male) |
| 17:51 | Create | Villager (Male) |
| 17:59 | Research | Double-Bit Axe |
| 18:24 | Build | Watch Tower |
| 18:27 | Create | Villager (Male) |
| 18:57 | Build | Blacksmith |
| 19:03 | Create | Villager (Male) |
| 19:12 | Build | Farm |
| 19:14 | Build | Farm |
| 19:16 | Build | Farm |
| 19:17 | Build | Farm |
| 19:20 | Build | Farm |
| 19:21 | Build | Farm |
| 19:23 | Build | Farm |
| 19:29 | Build | Farm |
| 19:31 | Create | Villager (Male) |
| 19:35 | Build | Farm |
| 19:38 | Build | Farm |
| 19:42 | Build | Farm |
| 20:01 | Build | Archery Range |
| 20:04 | Create | Villager (Male) |
| 20:18 | Build | Market |
| 20:29 | Build | Watch Tower |
| 20:51 | Build | Watch Tower |
| 20:56 | Research | Wheelbarrow |
| 21:00 | Research | Horse Collar |
| 21:15 | Create | Villager (Male) |
| 21:15 | Create | Villager (Male) |
| 21:38 | Build | Stone Wall |
| 21:44 | Build | Gate |
| 21:51 | Create | Villager (Male) |
| 22:09 | Build | House |
| 22:10 | Build | House |
| 22:12 | Build | House |
| 22:13 | Build | House |
| 22:16 | Build | House |
| 22:17 | Build | House |
| 22:19 | Build | House |
| 22:28 | Create | Trade Cart |
| 22:29 | Create | Trade Cart |
| 22:29 | Create | Trade Cart |
| 22:29 | Create | Trade Cart |
| 22:29 | Create | Trade Cart |
| 22:29 | Create | Trade Cart |
| 22:30 | Create | Trade Cart |
| 22:30 | Create | Trade Cart |
| 22:32 | Create | Trade Cart |
| 22:32 | Create | Trade Cart |
| 22:59 | Build | Lumber Camp |
| 23:24 | Build | House |
| 23:25 | Build | House |
| 23:29 | Build | House |
| 23:31 | Build | House |
| 23:32 | Build | House |
| 24:06 | Research | Castle Age |
| 24:35 | Research | Forging |
| 24:51 | Research | Scale Mail Armor |
| 25:06 | Research | Fletching |
| 25:30 | Build | House |
| 25:32 | Build | House |
| 25:33 | Build | House |
| 25:35 | Build | House |
| 25:36 | Build | House |
| 25:37 | Build | House |
| 25:38 | Build | House |
| 25:40 | Build | House |
| 25:42 | Build | House |
| 25:43 | Build | House |
| 25:44 | Build | House |
| 25:45 | Build | House |
| 25:47 | Build | House |
| 25:49 | Build | House |
| 26:21 | Build | Mining Camp |
| 26:24 | Create | Villager (Male) |
| 26:25 | Create | Villager (Male) |
| 26:26 | Create | Villager (Male) |
| 26:26 | Create | Villager (Male) |
| 26:58 | Build | Town Center |
| 27:02 | Create | Villager (Male) |
| 27:08 | Research | Caravan |
| 27:09 | Research | Coinage |
Build order — Monsieur Garlíc
First 150 of 443 actions detected
| 0:03 | Build | House |
| 0:05 | Build | House |
| 0:06 | Create | Villager (Male) |
| 0:06 | Create | Villager (Male) |
| 0:06 | Create | Villager (Male) |
| 0:06 | Create | Villager (Male) |
| 1:36 | Create | Villager (Male) |
| 1:56 | Build | Lumber Camp |
| 2:06 | Create | Villager (Male) |
| 2:06 | Create | Villager (Male) |
| 2:49 | Create | Villager (Male) |
| 3:10 | Create | Villager (Male) |
| 3:10 | Create | Villager (Male) |
| 3:10 | Create | Villager (Male) |
| 3:21 | Build | House |
| 3:23 | Build | House |
| 3:25 | Build | House |
| 3:52 | Create | Villager (Male) |
| 4:31 | Create | Villager (Male) |
| 4:58 | Create | Villager (Male) |
| 5:10 | Build | Mill |
| 5:21 | Create | Villager (Male) |
| 5:28 | Create | Villager (Male) |
| 6:43 | Create | Villager (Male) |
| 6:43 | Create | Villager (Male) |
| 6:43 | Create | Villager (Male) |
| 6:43 | Create | Villager (Male) |
| 7:20 | Create | Villager (Male) |
| 7:20 | Create | Villager (Male) |
| 7:24 | Build | Lumber Camp |
| 8:39 | Create | Villager (Male) |
| 9:14 | Build | Farm |
| 9:17 | Build | Farm |
| 9:25 | Build | Farm |
| 9:33 | Create | Villager (Male) |
| 9:33 | Create | Villager (Male) |
| 9:33 | Create | Villager (Male) |
| 9:36 | Build | Mining Camp |
| 10:01 | Research | Loom |
| 10:08 | Build | Farm |
| 10:08 | Build | Farm |
| 10:08 | Build | Farm |
| 10:08 | Build | Farm |
| 10:10 | Build | Farm |
| 10:40 | Build | Mining Camp |
| 11:04 | Research | Feudal Age |
| 11:12 | Build | Barracks |
| 12:03 | Build | Palisade Wall |
| 13:03 | Create | Villager (Male) |
| 13:03 | Create | Villager (Male) |
| 13:03 | Create | Villager (Male) |
| 13:28 | Age | Feudal Age |
| 13:42 | Build | Blacksmith |
| 13:48 | Build | Stable |
| 14:54 | Research | Castle Age |
| 16:21 | Research | Double-Bit Axe |
| 16:27 | Research | Horse Collar |
| 16:34 | Build | Farm |
| 16:34 | Build | Farm |
| 16:34 | Build | Farm |
| 16:34 | Build | Farm |
| 16:35 | Build | Farm |
| 16:55 | Build | House |
| 17:14 | Build | House |
| 17:23 | Build | House |
| 17:23 | Build | House |
| 17:24 | Build | House |
| 17:24 | Build | House |
| 17:24 | Build | House |
| 17:25 | Build | House |
| 17:34 | Age | Castle Age |
| 17:42 | Create | Knight |
| 17:45 | Create | Knight |
| 17:56 | Create | Villager (Male) |
| 17:57 | Create | Villager (Male) |
| 17:57 | Create | Villager (Male) |
| 17:57 | Create | Villager (Male) |
| 18:21 | Create | Knight |
| 18:34 | Build | Farm |
| 18:44 | Create | Villager (Male) |
| 18:44 | Create | Villager (Male) |
| 19:00 | Build | Farm |
| 19:27 | Build | Castle |
| 19:59 | Create | Villager (Male) |
| 20:07 | Create | Villager (Male) |
| 20:07 | Create | Villager (Male) |
| 20:28 | Build | Town Center |
| 20:46 | Research | Bow Saw |
| 21:10 | Create | Villager (Male) |
| 21:13 | Create | Villager (Male) |
| 21:34 | Build | Farm |
| 21:42 | Build | Farm |
| 22:07 | Build | Lumber Camp |
| 22:12 | Create | Janissary |
| 22:12 | Create | Janissary |
| 22:12 | Create | Janissary |
| 22:12 | Create | Janissary |
| 22:13 | Create | Janissary |
| 22:30 | Create | Villager (Male) |
| 22:30 | Create | Villager (Male) |
| 23:08 | Research | Heavy Plow |
| 23:12 | Create | Villager (Male) |
| 23:12 | Create | Villager (Male) |
| 23:12 | Create | Villager (Male) |
| 23:30 | Build | Farm |
| 23:30 | Build | Farm |
| 23:31 | Build | Farm |
| 23:36 | Create | Villager (Male) |
| 23:37 | Create | Villager (Male) |
| 23:37 | Create | Villager (Male) |
| 23:37 | Create | Villager (Male) |
| 23:44 | Build | Farm |
| 23:56 | Build | Siege Workshop |
| 24:01 | Create | Janissary |
| 24:01 | Create | Janissary |
| 24:05 | Create | Janissary |
| 24:28 | Create | Villager (Male) |
| 24:32 | Build | Farm |
| 24:32 | Build | Farm |
| 24:32 | Build | Farm |
| 24:41 | Create | Villager (Male) |
| 24:42 | Create | Villager (Male) |
| 24:48 | Create | Battering Ram |
| 24:48 | Create | Battering Ram |
| 24:52 | Create | Battering Ram |
| 25:19 | Build | University |
| 25:37 | Build | Market |
| 25:48 | Create | Villager (Male) |
| 25:48 | Create | Villager (Male) |
| 25:48 | Create | Villager (Male) |
| 25:48 | Create | Villager (Male) |
| 25:53 | Create | Villager (Male) |
| 25:53 | Create | Villager (Male) |
| 25:53 | Create | Villager (Male) |
| 25:53 | Create | Villager (Male) |
| 26:13 | Build | Town Center |
| 26:30 | Build | Farm |
| 26:30 | Build | Farm |
| 26:31 | Build | Farm |
| 26:31 | Build | Farm |
| 26:33 | Build | Farm |
| 27:39 | Create | Janissary |
| 27:39 | Create | Janissary |
| 27:40 | Create | Janissary |
| 27:40 | Create | Janissary |
| 27:54 | Create | Janissary |
| 27:55 | Create | Janissary |
| 28:05 | Create | Villager (Male) |
| 28:05 | Create | Villager (Male) |
| 28:05 | Create | Villager (Male) |
Build order — DeReK!
First 150 of 439 actions detected
| 0:04 | Research | Loom |
| 0:04 | Create | Villager (Male) |
| 0:05 | Create | Villager (Male) |
| 0:05 | Create | Villager (Male) |
| 0:20 | Create | Villager (Male) |
| 0:43 | Build | House |
| 0:44 | Build | House |
| 0:45 | Build | House |
| 2:05 | Create | Villager (Male) |
| 2:48 | Create | Villager (Male) |
| 2:51 | Create | Villager (Male) |
| 2:51 | Create | Villager (Male) |
| 3:30 | Create | Villager (Male) |
| 3:45 | Create | Villager (Male) |
| 4:14 | Create | Villager (Male) |
| 4:14 | Create | Villager (Male) |
| 4:23 | Create | Villager (Male) |
| 5:03 | Create | Villager (Male) |
| 5:54 | Create | Villager (Male) |
| 5:54 | Create | Villager (Male) |
| 5:54 | Create | Villager (Male) |
| 6:04 | Build | House |
| 6:09 | Create | Villager (Male) |
| 6:10 | Create | Villager (Male) |
| 6:21 | Build | Lumber Camp |
| 7:25 | Create | Villager (Male) ×5 |
| 7:41 | Build | House |
| 7:55 | Build | Mill |
| 8:27 | Build | Mining Camp |
| 8:46 | Create | Villager (Male) |
| 8:57 | Research | Feudal Age |
| 8:57 | Create | Villager (Male) |
| 9:35 | Create | Villager (Male) |
| 10:52 | Build | House |
| 10:54 | Build | House |
| 11:24 | Age | Feudal Age |
| 11:32 | Research | Wheelbarrow |
| 11:35 | Research | Double-Bit Axe |
| 11:37 | Research | Horse Collar |
| 11:42 | Research | Gold Mining |
| 12:34 | Create | Villager (Male) |
| 12:35 | Create | Villager (Male) |
| 12:41 | Research | Stone Mining |
| 12:56 | Build | Farm |
| 13:25 | Create | Villager (Male) |
| 13:38 | Build | Lumber Camp |
| 13:42 | Build | Lumber Camp |
| 13:51 | Create | Villager (Male) |
| 13:51 | Create | Villager (Male) |
| 14:05 | Create | Villager (Male) |
| 14:05 | Create | Villager (Male) |
| 14:56 | Build | Stone Wall |
| 15:16 | Build | Mining Camp |
| 15:19 | Create | Villager (Male) |
| 15:20 | Create | Villager (Male) |
| 15:58 | Build | Farm |
| 15:58 | Build | Farm |
| 16:00 | Build | Farm |
| 16:01 | Build | Farm |
| 16:02 | Build | Farm |
| 16:03 | Build | Farm |
| 16:09 | Build | Farm |
| 16:11 | Build | Farm |
| 16:12 | Build | Farm |
| 16:14 | Build | Farm |
| 16:53 | Create | Villager (Male) |
| 16:53 | Create | Villager (Male) |
| 16:53 | Create | Villager (Male) |
| 17:31 | Create | Villager (Male) |
| 17:43 | Build | Farm |
| 17:57 | Build | House |
| 17:58 | Build | House |
| 17:59 | Build | House |
| 18:19 | Create | Villager (Male) |
| 18:51 | Create | Villager (Male) |
| 19:00 | Build | Farm |
| 19:00 | Build | Farm |
| 19:05 | Build | Farm |
| 19:16 | Create | Villager (Male) |
| 19:17 | Create | Villager (Male) |
| 19:23 | Build | Market |
| 19:29 | Build | Blacksmith |
| 19:35 | Build | House |
| 19:36 | Build | House |
| 19:38 | Build | House |
| 19:46 | Create | Villager (Male) |
| 19:46 | Create | Villager (Male) |
| 19:59 | Build | Mining Camp |
| 20:23 | Build | Mining Camp |
| 20:41 | Research | Castle Age |
| 20:44 | Research | Town Watch |
| 20:54 | Create | Villager (Male) |
| 21:05 | Create | Trade Cart |
| 23:43 | Age | Castle Age |
| 23:49 | Research | Hand Cart |
| 23:59 | Build | Town Center |
| 24:16 | Build | Town Center |
| 24:20 | Research | Bow Saw |
| 24:23 | Create | Villager (Male) |
| 24:31 | Build | Monastery |
| 24:38 | Build | University |
| 24:40 | Build | House |
| 24:40 | Build | House |
| 24:42 | Build | House |
| 24:44 | Build | House |
| 25:48 | Research | Imperial Age |
| 25:55 | Create | Villager (Male) |
| 25:55 | Create | Villager (Male) |
| 25:58 | Create | Villager (Male) |
| 26:00 | Create | Villager (Male) |
| 26:10 | Create | Villager (Male) |
| 26:10 | Create | Villager (Male) |
| 26:20 | Build | Castle |
| 26:32 | Build | Barracks |
| 26:36 | Build | Siege Workshop |
| 26:41 | Create | Villager (Male) |
| 26:41 | Create | Villager (Male) |
| 26:45 | Create | Villager (Male) |
| 26:47 | Create | Villager (Male) |
| 26:47 | Create | Villager (Male) |
| 27:08 | Create | Villager (Male) ×2 |
| 27:19 | Build | Farm |
| 27:20 | Build | Farm |
| 27:23 | Build | Farm |
| 27:24 | Build | Farm |
| 27:26 | Build | Farm |
| 27:31 | Build | Farm |
| 27:34 | Build | Farm |
| 27:36 | Build | Farm |
| 27:38 | Build | Farm |
| 28:09 | Create | Woad Raider |
| 28:10 | Create | Woad Raider |
| 28:10 | Create | Woad Raider |
| 28:18 | Build | Farm |
| 28:22 | Build | Farm |
| 28:24 | Build | Farm |
| 28:26 | Build | Farm |
| 28:33 | Build | Farm |
| 28:35 | Build | Farm |
| 28:36 | Create | Villager (Male) ×5 |
| 28:43 | Build | Lumber Camp |
| 28:46 | Build | Lumber Camp |
| 28:50 | Create | Villager (Male) |
| 28:53 | Create | Villager (Male) |
| 28:58 | Create | Villager (Male) |
| 28:58 | Age | Imperial Age |
| 28:58 | Create | Villager (Male) |
| 29:18 | Research | Stone Shaft Mining |
| 29:32 | Build | Farm |
| 29:35 | Build | Farm |
Build order — Lt_Reingebuttert
First 150 of 503 actions detected
| 0:03 | Build | House |
| 0:03 | Create | Villager (Male) |
| 0:04 | Create | Villager (Male) |
| 0:04 | Create | Villager (Male) |
| 0:04 | Create | Villager (Male) |
| 0:07 | Build | House |
| 1:56 | Create | Villager (Male) |
| 3:00 | Create | Villager (Male) |
| 3:26 | Create | Villager (Male) |
| 4:06 | Build | Lumber Camp |
| 4:22 | Create | Villager (Male) |
| 4:22 | Create | Villager (Male) |
| 4:22 | Create | Villager (Male) |
| 4:23 | Create | Villager (Male) |
| 4:58 | Build | Palisade Wall |
| 5:20 | Create | Villager (Male) |
| 5:20 | Create | Villager (Male) |
| 5:20 | Create | Villager (Male) |
| 7:00 | Build | Mining Camp |
| 7:42 | Build | House |
| 8:18 | Build | House |
| 8:19 | Build | House |
| 8:27 | Create | Villager (Male) |
| 8:28 | Create | Villager (Male) |
| 8:54 | Research | Feudal Age |
| 9:25 | Build | Mill |
| 10:23 | Create | Villager (Male) |
| 10:23 | Create | Villager (Male) |
| 12:03 | Create | Villager (Male) |
| 12:03 | Create | Villager (Male) |
| 12:05 | Age | Feudal Age |
| 12:15 | Build | Stone Wall |
| 12:40 | Build | Barracks |
| 12:41 | Build | Barracks |
| 13:00 | Build | Mining Camp |
| 13:28 | Create | Villager (Male) |
| 13:28 | Create | Villager (Male) |
| 13:28 | Create | Villager (Male) |
| 13:46 | Create | Militia |
| 13:46 | Create | Militia |
| 13:46 | Create | Militia |
| 13:46 | Create | Militia |
| 13:47 | Create | Militia |
| 13:47 | Create | Militia |
| 13:48 | Create | Spearman |
| 13:57 | Build | House |
| 13:58 | Build | House |
| 13:59 | Build | House |
| 14:23 | Build | Blacksmith |
| 14:57 | Build | Mining Camp |
| 15:57 | Build | Farm |
| 15:58 | Build | Farm |
| 16:00 | Build | Farm |
| 16:11 | Create | Villager (Male) |
| 16:12 | Create | Villager (Male) |
| 16:12 | Create | Villager (Male) |
| 16:12 | Create | Villager (Male) |
| 16:13 | Create | Villager (Male) |
| 16:20 | Build | Farm |
| 16:52 | Build | Farm |
| 17:23 | Build | Farm |
| 17:32 | Build | Farm |
| 17:37 | Create | Villager (Male) |
| 18:00 | Build | Stone Wall |
| 18:08 | Build | Farm |
| 18:34 | Build | Farm |
| 18:46 | Build | Lumber Camp |
| 18:58 | Research | Gold Mining |
| 19:03 | Create | Villager (Male) |
| 19:04 | Create | Villager (Male) |
| 19:11 | Build | House |
| 19:11 | Build | House |
| 19:12 | Build | House |
| 19:13 | Build | House |
| 20:10 | Research | Stone Mining |
| 20:26 | Build | Watch Tower |
| 20:48 | Create | Villager (Male) |
| 20:48 | Create | Villager (Male) |
| 20:48 | Create | Villager (Male) |
| 20:48 | Create | Villager (Male) |
| 20:48 | Create | Villager (Male) |
| 21:15 | Create | Spearman |
| 21:17 | Create | Spearman |
| 21:24 | Build | Farm |
| 21:34 | Build | House |
| 21:37 | Build | House |
| 21:39 | Build | House |
| 21:40 | Build | House |
| 21:46 | Build | Farm |
| 21:49 | Research | Horse Collar |
| 22:04 | Build | Watch Tower |
| 22:42 | Build | Farm |
| 22:43 | Build | Farm |
| 22:55 | Create | Villager (Male) |
| 22:55 | Create | Villager (Male) |
| 22:55 | Create | Villager (Male) |
| 23:02 | Research | Double-Bit Axe |
| 24:23 | Build | Farm |
| 24:27 | Build | Farm |
| 24:34 | Create | Villager (Male) |
| 25:20 | Build | Farm |
| 26:15 | Research | Castle Age |
| 26:29 | Build | Stable |
| 26:30 | Build | Stable |
| 26:32 | Build | Stable |
| 26:38 | Build | Stable |
| 28:55 | Age | Castle Age |
| 29:14 | Build | Siege Workshop |
| 29:16 | Build | Siege Workshop |
| 29:30 | Build | Gate |
| 30:40 | Create | Villager (Male) |
| 30:40 | Create | Villager (Male) |
| 30:40 | Create | Villager (Male) |
| 30:54 | Build | Farm |
| 31:19 | Build | Stone Wall |
| 31:24 | Build | Gate |
| 31:39 | Build | Town Center |
| 31:46 | Research | Gold Shaft Mining |
| 31:47 | Research | Stone Shaft Mining |
| 31:52 | Create | Villager (Male) |
| 31:52 | Create | Villager (Male) |
| 31:52 | Create | Villager (Male) |
| 31:53 | Create | Villager (Male) |
| 31:53 | Create | Villager (Male) |
| 32:00 | Build | House |
| 32:01 | Build | House |
| 32:01 | Build | House |
| 32:01 | Build | House |
| 32:01 | Build | House |
| 32:02 | Build | House |
| 32:02 | Build | House |
| 32:16 | Research | Pikeman (upgrade) |
| 32:16 | Research | Man-at-Arms (upgrade) |
| 32:17 | Research | Arson |
| 33:03 | Build | Market |
| 33:52 | Build | Castle |
| 34:14 | Research | Heavy Plow |
| 34:20 | Research | Bow Saw |
| 34:30 | Build | Lumber Camp |
| 34:34 | Create | Villager (Male) |
| 34:35 | Create | Villager (Male) |
| 34:35 | Create | Villager (Male) |
| 34:35 | Create | Villager (Male) |
| 34:35 | Create | Villager (Male) |
| 34:36 | Create | Villager (Male) |
| 34:36 | Create | Villager (Male) |
| 34:36 | Create | Villager (Male) |
| 34:36 | Create | Villager (Male) |
| 35:11 | Build | Archery Range |
| 35:15 | Build | Archery Range |
Match timeline
| 3:22 | frizboum · wall_segment Palisade Wall x1 |
| 3:56 | frizboum · wall_segment Palisade Wall x13 |
| 4:58 | Lt_Reingebuttert · wall_segment Palisade Wall x15 |
| 8:01 | frizboum · first_building Barracks |
| 11:12 | Monsieur Garlíc · first_building Barracks |
| 11:24 | DeReK! · age_up feudal |
| 12:03 | Monsieur Garlíc · wall_segment Palisade Wall x22 |
| 12:05 | Lt_Reingebuttert · age_up feudal |
| 12:15 | Lt_Reingebuttert · wall_segment Stone Wall x15 |
| 12:40 | Lt_Reingebuttert · first_building Barracks |
| 13:28 | Monsieur Garlíc · age_up feudal |
| 13:48 | Monsieur Garlíc · first_building Stable |
| 14:56 | DeReK! · wall_segment Stone Wall x14 |
| 17:34 | Monsieur Garlíc · age_up castle |
| 18:00 | Lt_Reingebuttert · wall_segment Stone Wall x13 |
| 19:27 | Monsieur Garlíc · first_building Castle |
| 20:01 | frizboum · first_building Archery Range |
| 21:38 | frizboum · wall_segment Stone Wall x22 |
| 23:43 | DeReK! · age_up castle |
| 23:56 | Monsieur Garlíc · first_building Siege Workshop |
| 24:31 | DeReK! · first_building Monastery |
| 26:20 | DeReK! · first_building Castle |
| 26:29 | Lt_Reingebuttert · first_building Stable |
| 26:32 | DeReK! · first_building Barracks |
| 26:36 | DeReK! · first_building Siege Workshop |
| 28:15 | frizboum · first_building Castle |
| 28:36 | frizboum · first_building Siege Workshop |
| 28:55 | Lt_Reingebuttert · age_up castle |
| 28:58 | DeReK! · age_up imperial |
| 29:14 | Lt_Reingebuttert · first_building Siege Workshop |
| 31:19 | Lt_Reingebuttert · wall_segment Stone Wall x19 |
| 31:56 | frizboum · wall_segment Stone Wall x1 |
| 32:24 | frizboum · wall_segment Stone Wall x4 |
| 33:52 | Lt_Reingebuttert · first_building Castle |
| 33:58 | DeReK! · first_building Stable |
| 35:11 | Lt_Reingebuttert · first_building Archery Range |
| 36:25 | Monsieur Garlíc · age_up imperial |
| 39:34 | Lt_Reingebuttert · first_market_buy 100 wood |
| 41:25 | frizboum · wall_segment Stone Wall x9 |
| 48:57 | Lt_Reingebuttert · age_up imperial |
| 50:21 | frizboum · wall_segment Stone Wall x8 |
| 59:08 | Monsieur Garlíc · first_market_sell 100 food |
| 66:49 | Monsieur Garlíc · resign |
[ AI ANALYSIS · 1 CREDIT ]
What really happened in this match?
Wolo.gg analyzes every decision: build order, eco, micro, common mistakes by bracket. Personalized analysis on WhatsApp or Discord in 30 seconds.
Civ guide
Aztecs
Map guide
Amazon Tunnel
Perfil
frizboum